 Dungeon Crawl Stone Soup version 0.20.1 (webtiles) character file.

1239 vishdafish the Grappler (level 8, -2/75 HPs)
             Began as a Troll Monk on July 2, 2017.
             Slain by a killer bee (4 damage)
             ... on level 5 of the Dungeon.
             The game lasted 00:06:40 (4540 turns).

vishdafish the Grappler (Troll Monk)                Turns: 4540, Time: 00:06:41

Health: -2/75      AC:  6    Str: 20    XL:     8   Next: 25%
Magic:  7/7        EV: 12    Int:  6    God:
Gold:   284        SH:  0    Dex: 14    Spells: 7/7 levels left

rFire    . . .     SeeInvis .     - Unarmed
rCold    . . .     Gourm    +   (no shield)
rNeg     . . .     Faith    .   a - +1 robe
rPois    .         Spirit   .   (helmet restricted)
rElec    .         Reflect  .   (no cloak)
rCorr    .         Harm     .   (gloves unavailable)
MR       .....                  (boots unavailable)
Stlth    ++........             (no amulet)
Regen    0.7/turn               (no ring)
MPRegen  0.1/turn               (no ring)

@: lethally poisoned (-2 -> -17)
A: unfitting armour, claws 3, fast metabolism 3, gourmand, regeneration 1,
shaggy fur 1, tough skin 2
a: no special abilities


You were on level 5 of the Dungeon.
You were not hungry.

You visited 2 branches of the dungeon, and saw 7 of its levels.

You collected 284 gold pieces.

Inventory:

Hand Weapons
 q - a +3 flail
 u - a +0 halberd
Armour
 a - a +1 robe (worn)
Jewellery
 l - a cursed -3 ring of dexterity {unknown}
Wands
 h - a wand of polymorph (15/24)
Scrolls
 c - 5 scrolls of remove curse
 e - 2 scrolls of identify
 f - a scroll of enchant armour
 i - 2 scrolls of magic mapping {unknown}
 n - 2 scrolls of teleportation {unknown}
 o - 2 scrolls of amnesia {unknown}
 p - 2 scrolls of immolation
 t - a scroll of recharging {unknown}
 w - a scroll of enchant weapon {unknown}
 y - a scroll of blinking {unknown}
Potions
 g - 5 potions of heal wounds {unknown}
 j - a potion of flight {unknown}
 m - 2 potions of curing {unknown}
 r - 2 potions of might {unknown}
 v - a potion of lignification {unknown}
 x - a potion of haste {unknown}
Comestibles
 b - 5 bread rations
 d - a royal jelly
 k - 2 meat rations
 s - 4 fruits


   Skills:
 + Level 3.3 Fighting
 + Level 4.2 Dodging
 - Level 2.7 Stealth
 * Level 8.0 Unarmed Combat


You had 7 spell levels left.
You didn't know any spells.

Dungeon Overview and Level Annotations

Branches:
Dungeon (6/15)             Temple (1/1) D:4

Altars:
Elyvilon
Fedhas
Gozag
Kikubaaqudgha
Makhleb
Nemelex Xobeh
Okawaru
Ru
Trog
Uskayaw
Xom
Yredelemnul
Zin
The Shining One


Innate Abilities, Weirdness & Mutations

You are too large for most types of armour.
You have claws for hands.
Your metabolism is lightning-fast.
You like to eat raw meat.
Your natural rate of healing is unusually fast.
You are covered in fur. (AC +1)
You have very tough skin. (AC +2)


Message History

The killer bee stings you.
* * * LOW HITPOINT WARNING * * *
The killer bee stings you.
* * * LOW HITPOINT WARNING * * *
The killer bee closely misses you.
As you read the scroll labeled XOWAUD OXTEAN, it crumbles to dust.
It is a scroll of enchant armour.
Your +0 robe glows green for a moment.
* * * LOW HITPOINT WARNING * * *
You feel very sick. The killer bee stings you.
* * * LOW HITPOINT WARNING * * *
The killer bee stings you.
* * * LOW HITPOINT WARNING * * *
The killer bee barely misses you. The killer bee closely misses you. x2
The killer bee misses you. The killer bee barely misses you.
The killer bee stings you.
* * * LOW HITPOINT WARNING * * *
The killer bee stings you.
You die...

#....^..........##
##
##..............##
# #.######.......##
#.# #........##
#### #.........###
##.#
##.....###...######
#..# ##......#
##....#..#
##.#####.yyy..##
##..#)...
##..##..y@y.##
###.###.
##..#......##
##..## ##
##.........###
#...# #
##..........###..##
##....###.......#
##....# ###....##
## #....##
###..######.
##....# #...##.#..
####....##
##.......#


You could see 5 killer bees.

Vanquished Creatures
  Eustachio (D:5)
  Menkaure (D:5)
  A water moccasin (D:4)
  An ogre (D:5)
  A centaur (D:5)
  Blork the orc (D:5)
  A killer bee (D:5)
  A crimson imp (D:5)
  2 orc priests
  A bullfrog skeleton (D:5)
  2 hounds
  A gnoll shaman (D:4)
  2 orc wizards
  5 worker ants
  A hound skeleton (D:5)
  A hound zombie (D:5)
  5 gnolls
  8 adders
  A shadow imp (D:5)
  2 worms
  3 dart slugs (D:1)
  4 leopard geckos
  12 orcs
  A ball python (D:3)
  A giant cockroach (D:3)
  3 hobgoblins
  3 quokkas
  6 bats
  7 frilled lizards
  6 goblins
  3 kobolds
  9 rats
97 creatures vanquished.

Notes
Turn   | Place    | Note
-------+----------+-------------------------------------------
     0 | D:1      | vishdafish the Troll Monk began the quest for the Orb.
     0 | D:1      | Reached XP level 1. HP: 22/22 MP: 0/0
   116 | D:1      | Reached XP level 2. HP: 26/29 MP: 1/1
   879 | D:2      | Reached XP level 3. HP: 32/36 MP: 2/2
  1106 | D:2      | Reached XP level 4. HP: 44/44 MP: 3/3
  1556 | D:3      | Reached skill level 4 in Unarmed Combat
  1650 | D:3      | Found a sacrificial altar of Ru.
  1958 | D:3      | Reached XP level 5. HP: 41/50 MP: 4/4
  2271 | D:4      | Noticed a water moccasin
  2279 | D:4      | Killed a water moccasin
  2279 | D:4      | Reached skill level 5 in Unarmed Combat
  2279 | D:4      | Reached XP level 6. HP: 48/59 MP: 5/5
  2445 | D:4      | Found a staircase to the Ecumenical Temple.
  2452 | Temple   | Entered the Ecumenical Temple
  2777 | D:5      | Entered Level 5 of the Dungeon
  3327 | D:4      | Reached skill level 6 in Unarmed Combat
  3329 | D:4      | Reached XP level 7. HP: 58/67 MP: 6/6
  3477 | D:5      | Found an opulent altar of Gozag.
  3543 | D:5      | Noticed Blork the orc
  3557 | D:5      | Killed Blork the orc
  3561 | D:5      | Found a basalt altar of Yredelemnul.
  3567 | D:5      | Noticed Eustachio
  3576 | D:5      | Killed Eustachio
  3603 | D:5      | Reached skill level 7 in Unarmed Combat
  3684 | D:5      | Noticed Menkaure
  3690 | D:5      | Killed Menkaure
  3690 | D:5      | Reached XP level 8. HP: 21/75 MP: 7/7
  4034 | D:5      | Reached skill level 8 in Unarmed Combat
  4540 | D:5      | HP: 2/75 [killer bee (5)]
  4540 | D:5      | Slain by a killer bee

Skill      XL: |  1  2  3  4  5  6  7  8 |
---------------+-------------------------+-----
Dodging        | 3 4 |  4.2
Unarmed Combat | 4 5 6 7 8 |  8.0
Stealth        | 2 |  2.7
Fighting       | 3 |  3.3

Action                   |  1- 3 |  4- 6 |  7- 9 || total
-------------------------+-------+-------+-------++-------
Melee: Unarmed           |    81 |   133 |    73 ||   287
       Punch             |     2 |     1 |     4 ||     7
  Use: Scroll            |       |       |     3 ||     3
 Stab: Sleeping          |     5 |     4 |     1 ||    10
       Paralysed         |       |     1 |       ||     1
  Eat: Chunk             |    13 |    15 |     8 ||    36
       Meat ration       |       |     1 |       ||     1
Armor: Robe              |    21 |    19 |    17 ||    57
Dodge: Dodged            |    29 |    52 |    55 ||   136
